 Dungeon Crawl Stone Soup version 0.21-a0-504-g2eda330 (webtiles) character file.

125 Daviar the Changer (level 4, -1/19 HPs)
             Began as a Felid Transmuter on Nov 27, 2017.
             Slain by a jackal (2 damage)
             ... on level 3 of the Dungeon.
             The game lasted 00:07:46 (3215 turns).

Daviar the Changer (Felid Transmuter)               Turns: 3215, Time: 00:07:46

Health: -1/19      AC:  1    Str:  6    XL:     4   Next: 82%
Magic:  10/11      EV: 18    Int: 16    God:
Gold:   123        SH:  0    Dex: 16    Spells: 5/11 levels left
                                        Lives:  0   Deaths: 1

rFire    . . .     SeeInvis +     - Unarmed
rCold    . . .     Gourm    .   (shield unavailable)
rNeg     . . .     Faith    .   (armour unavailable)
rPois    .         Spirit   .   (helmet unavailable)
rElec    .         Reflect  .   (cloak unavailable)
rCorr    .         Harm     .   (gloves unavailable)
MR       .....                  (boots unavailable)
Stlth    ++........             (no amulet)
HPRegen  0.06/turn              (no ring)
MPRegen  0.12/turn              (no ring)

@: quick
A: very small, no armour, no weapons or thrown items, stealth, claws 1, fangs 3,
see invisible, carnivore 3, speed 1, shaggy fur 1, slow metabolism 1, sharp paws
a: no special abilities


You were on level 3 of the Dungeon.
You were very full.

You visited 1 branch of the dungeon, and saw 3 of its levels.

You collected 123 gold pieces.

Inventory:

Missiles
 a - 24 arrows
Scrolls
 g - a scroll of fear {unknown}
 h - a scroll of identify {unknown}
 i - a scroll of teleportation
 l - a scroll of noise {unknown}
Potions
 e - a potion of resistance {unknown}
 f - a potion of ambrosia {unknown}
 j - a potion of might {unknown}
 k - 2 potions of haste {unknown}
Books
 b - a book of Changes

   Spells                             Type                      Level
   a - Beastly Appendage              Transmutation                1
   b - Sticks to Snakes               Transmutation                2
   c - Spider Form                    Transmutation/Poison         3
   d - Ice Form                       Ice/Transmutation            4
   e - Blade Hands                    Transmutation                5
Comestibles
 c - 2 meat rations
 d - 2 royal jellies


   Skills:
 - Level 1.0 Fighting
 - Level 2.6 Dodging
 + Level 0.2 Stealth
 - Level 3.0 Unarmed Combat
 + Level 4.2 Spellcasting
 + Level 5.0 Transmutations


You had 5 spell levels left.
You knew the following spells:

 Your Spells              Type           Power        Failure   Level  Hunger
a - Beastly Appendage     Tmut           ###...       1%          1    None
b - Sticks to Snakes      Tmut           ###.....     3%          2    ##.....
c - Spider Form           Tmut/Pois      ##........   19%         3    ###....


Dungeon Overview and Level Annotations

Branches:
Dungeon (3/15)

Altars:
Hepliaklqana
The Shining One

Annotations:
D:3 Jessica


Innate Abilities, Weirdness & Mutations

You cannot wear armour.
You are incapable of wielding weapons or throwing items.
Your paws allow you to move quietly. (Stealth)
You have sharp claws.
You have razor-sharp teeth.
You have supernaturally acute eyesight. (SInv)
You are carnivorous and can eat meat at any time.
You cover ground quickly.
You are covered in fur. (AC +1)
You have a slow metabolism.
Your sharp claws are effective at attacking unaware monsters.


Message History

You close the door.
The jackal bites you.
* * * LOW HITPOINT WARNING * * *
Jessica opens the door.
You close the door.
The jackal closely misses you.
Jessica opens the door.
The jackal completely misses you.
You close the door.
The jackal misses you.
Jessica opens the door.
You close the door.
The jackal closely misses you.
Jessica opens the door.
The jackal closely misses you.
You close the door.
Jessica opens the door.
The jackal completely misses you.
You close the door.
The jackal barely misses you.
Jessica opens the door.
As you close the door, it creaks loudly!
Your transformation has ended.
You hear a bark!
The jackal misses you.
Jessica opens the door.
The jackal bites you.
* * * LOW HITPOINT WARNING * * *
You close the door.
The jackal bites you.
* * * LOW HITPOINT WARNING * * *
Jessica opens the door.
You close the door.
The jackal bites you.
You die...

............# ............#
............# ......###...#
......###...#########
......##<#####......# ###
..........r.........+ .)..
....###....#.#...h).# .....
....###....+....@...#......
[....##....#.##+###....#
.....##....#.##@..#........
......#....#.##...#........
....#.######.##...#........
........ #.##............
........ #............
####.... ............. ...
........#...##


You could see a jackal.

Vanquished Creatures
  Sigmund (D:2)
  Terence (D:2)
  2 dart slugs
  6 leopard geckos
  An orc (D:3)
  3 giant cockroaches
  6 hobgoblins
  12 jackals
  7 bats
  A frilled lizard (D:1)
  6 goblins
  4 kobolds
  A rat (D:1)
51 creatures vanquished.

Vanquished Creatures (collateral kills)
  A jackal (D:2)
1 creature vanquished.

Grand Total: 52 creatures vanquished

Notes
Turn   | Place    | Note
-------+----------+-------------------------------------------
     0 | D:1      | Daviar the Felid Transmuter began the quest for the Orb.
     0 | D:1      | Reached XP level 1. HP: 9/9 MP: 4/4
    29 | D:1      | Reached XP level 2. HP: 10/12 MP: 4/6
   751 | D:1      | Reached skill level 3 in Transmutations
  1464 | D:2      | Reached XP level 3. HP: 15/15 MP: 6/8
  1482 | D:2      | Learned a level 2 spell: Sticks to Snakes
  1486 | D:2      | Learned a level 3 spell: Spider Form
  1769 | D:2      | Noticed Terence
  1795 | D:2      | Killed Terence
  1795 | D:2      | Reached XP level 4. HP: 4/19 MP: 1/9
  2274 | D:2      | Noticed Sigmund
  2489 | D:2      | Killed Sigmund
  2489 | D:2      | Reached skill level 4 in Transmutations
  2489 | D:2      | Reached XP level 5. HP: 12/22 MP: 7/12
  2754 | D:2      | Found a glowing golden altar of the Shining One.
  2779 | D:2      | Found a hazy altar of Hepliaklqana.
  2945 | D:3      | Noticed Jessica
  2969 | D:3      | Slain by a bullfrog
  2970 | D:3      | Reached XP level 4. HP: -5/19 MP: 11/11
  3031 | D:3      | Reached skill level 5 in Transmutations
  3215 | D:3      | Slain by a jackal

Vault maps used:
D:1:      minmay_arrival_four_houses, minmay_misc_feat_encased
D:2:      kennysheep_big_flooded_room, minitemple, minmay_misc_feat_pillars,
          uniq_sigmund, uniq_terence
D:3:      nicolae_ru_the_path_less_chosen, uniq_jessica

Skill      XL: |  1  2  3  4 |
---------------+-------------+-----
Transmutations | 3 5 |  5.0
Spellcasting   | 3 4 |  4.2
Fighting       | |  1.0
Dodging        | |  2.6
Stealth        | |  0.2
Unarmed Combat | |  3.0

Action                   |  1- 3 |  4- 6 || total
-------------------------+-------+-------++-------
Melee: Unarmed           |   121 |    70 ||   191
       Bite              |    17 |     4 ||    21
       Headbutt          |     7 |     1 ||     8
       Punch             |     1 |       ||     1
 Cast: Beastly Appendage |    16 |     2 ||    18
       Spider Form       |     1 |     7 ||     8
       Sticks to Snakes  |       |     2 ||     2
  Use: Potion            |     1 |       ||     1
       Scroll            |       |     4 ||     4
 Stab: Sleeping          |       |     2 ||     2
  Eat: Chunk             |     2 |     8 ||    10
Armor: Skin              |     3 |     7 ||    10
Dodge: Dodged            |    88 |    98 ||   186

Table legend:
 A = Spawn XP
 B = Non-spawn XP
 C = Spawn XP percentage of total XP
 D = Spawn monster count
 E = Non-spawn monster count
 F = Spawn count percentage of total count
 G = Total turns spent on level
                    A         B        C        D         E        F      G
               +---------+---------+-------+---------+---------+-------+---------
         Total |       0 |     343 |   0.0 |       0 |      52 |   0.0 |  3215
               +---------+---------+-------+---------+---------+-------+---------
           D:1 |       0 |      38 |   0.0 |       0 |      20 |   0.0 |  1397
           D:2 |       0 |     296 |   0.0 |       0 |      27 |   0.0 |  1569
           D:3 |       0 |       9 |   0.0 |       0 |       5 |   0.0 |   249
               +---------+---------+-------+---------+---------+-------+---------
